 Dungeon Crawl Stone Soup version 0.18-a0-822-gb52b7b4 (webtiles) character file.

7 4thArraOfDagon the Grave Robber (level 1, -1/8 HPs)
             Began as a Felid Necromancer on Dec 16, 2015.
             Slain by a hound skeleton (4 damage)
             ... on level 6 of the Dungeon.
             The game lasted 00:01:56 (376 turns).

4thArraOfDagon the Grave Robber (Felid Necromancer)  Turns: 376, Time: 00:01:56

Health: -1/8       AC:  1    Str:  4      XL:     1   Next: 83%
Magic:  4/4        EV: 17    Int: 16      God:
Gold:   22         SH:  0    Dex: 13 (16) Spells: 1 memorised, 3 levels left
                                        Lives:  0   Deaths: 0

rFire  . . .     SeeInvis +     (weapon unavailable)
rCold  . . .     Gourm    .     (armour unavailable)
rNeg   . . .     Faith    .     (shield unavailable)
rPois  .         Spirit   .     (helmet unavailable)
rElec  .         Dismiss  .     (cloak unavailable)
rCorr  .         Reflect  .     (gloves unavailable)
SustAt .         Harm     .     (boots unavailable)
MR     .....                    (no amulet)
Stlth  +++.......               (no ring)
                                (no ring)

@: quick, not resistant to hostile enchantments, fairly stealthy
A: no armour, no weapons or thrown items, claws 1, fangs 3, see invisible,
carnivore 3, speed 1, shaggy fur 1, slow metabolism 1, sharp paws
a: no special abilities


You were on level 6 of the Dungeon.
You were completely stuffed.

You visited 1 branch of the dungeon, and saw 6 of its levels.

You collected 22 gold pieces.

Inventory:

Scrolls
 f - 2 scrolls of teleportation {unknown}
 h - a scroll of noise {unknown}
Potions
 g - a potion of lignification {unknown}
Books
 a - a book of Necromancy

   Spells                             Type                      Level
   a - Pain                           Necromancy                   1
   b - Animate Skeleton               Necromancy                   1
   c - Vampiric Draining              Necromancy                   3
   d - Regeneration                   Charms/Necromancy            3
   e - Animate Dead                   Necromancy                   4
   f - Control Undead                 Necromancy                   4
Comestibles
 b - a meat ration
 d - a slice of pizza


   Skills:
 + Level 0.4 Fighting
 + Level 2.9 Dodging
 + Level 3.0 Stealth
 * Level 0.6 Unarmed Combat
 - Level 2.0 Spellcasting
 - Level 4.0 Necromancy


You had 3 spell levels left.
You knew the following spells:

 Your Spells              Type           Power        Failure   Level  Hunger
a - Pain                  Necr           ##..         4%          1    #......


Dungeon Overview and Level Annotations

Branches:
Dungeon (6/15)
 Temple: D:4-7

Altars:


Innate Abilities, Weirdness & Mutations

You cannot wear armour.
You are incapable of wielding weapons or throwing items.
You have sharp claws.
You have razor-sharp teeth.
You have supernaturally acute eyesight.
You are carnivorous and can eat meat at any time.
You cover ground quickly.
You are covered in fur (AC +1).
You have a slow metabolism.
Your sharp claws are effective at attacking unaware monsters.


Message History

A hound skeleton comes into view.
Unknown command.
Drink which item? (? for menu, Esc to quit)
It was a potion of degeneration.
There was something very wrong with that liquid.
You feel clumsy. The hound skeleton closely misses you.
Drink which item? (? for menu, Esc to quit)
You can't drink that!
Unknown command.
Drink which item? (? for menu, Esc to quit)
It was a potion of curing.
You feel better.
The hound skeleton completely misses you.
You scratch the hound skeleton. You bite the hound skeleton.
The hound skeleton bites you.
You scratch the hound skeleton but do no damage.
The hound skeleton bites you.
You scratch the hound skeleton. The hound skeleton bites you.
Ouch! That really hurt!
You die...

#.# #.# ... #.#
#.# #.# #.# #.#
#.# #Z# #.## #.#
#..##
#.#########...##
#........Z@...<#
###########...##
#..## #....
##.### #.# #.#
#.#


You could see a hound skeleton.

Vanquished Creatures
  2 hobgoblins
  2 bats
  A goblin (D:1)
  A kobold (D:1)
  A rat (D:1)
7 creatures vanquished.

Notes
Turn   | Place    | Note
--------------------------------------------------------------
     0 | D:1      | 4thArraOfDagon the Felid Necromancer began the quest for the Orb.
     0 | D:1      | Reached XP level 1. HP: 7/7 MP: 4/4
   171 | D:3      | Noticed a centaur skeleton
   336 | D:5      | Entered Level 5 of the Dungeon
   336 | D:5      | Noticed a phantom
   336 | D:5      | Noticed an ogre
   337 | D:5      | Noticed a worker ant
   376 | D:6      | Slain by a hound skeleton

Vault maps used:
D:1:      eino_arrival_water_star, serial_curves, eino_curves_03, eino_curves_03
D:2:      nemelex_altar_shiori, nicolae_ru_path_of_blood, first_bread,
          nicolae_underground_beach
D:3:      uniq_iyjb
D:4:      uniq_blork_the_orc
D:5:      lemuel_ice_spiral_2, lemuel_crystal_altar, marbit_many_paths,
          nicolae_qazlal_general_emergency, uniq_grinder
D:6:      kennysheep_mini, minmay_temple_entry_overgrown, serial_shops,
          shop_statue

Action                   || total
-------------------------++-------
Melee: Unarmed           ||     3
 Cast: Pain              ||    14
  Use: Potion            ||     2
  Eat: Chunk             ||     6
